 Dungeon Crawl Stone Soup version 0.28.0 (webtiles) character file.

Game seed: 6447745369561625251

233 funkygono the Firebug (level 6, -1/32 HPs)
             Began as a Gargoyle Fire Elementalist on Feb 18, 2022.
             Slain by an adder (3 damage)
             ... on level 2 of the Dungeon.
             The game lasted 00:02:18 (1682 turns).

funkygono the Firebug (Gargoyle Fire Elementalist)  Turns: 1682, Time: 00:02:19

Health: -1/32      AC:  6    Str: 11    XL:     6   Next: 4%
Magic:  1/11       EV: 12    Int: 18    God:
Gold:   59         SH:  0    Dex: 10    Spells: 6/12 levels left

rFire   . . .      SeeInvis .   f - +0 club
rCold   . . .      Faith    .   (no shield)
rNeg    + . .      Spirit   .   a - +0 robe
rPois   ∞          Reflect  .   (no helmet)
rElec   +          Harm     .   (no cloak)
rCorr   .          Rampage  .   (no gloves)
Will    .....                   (no boots)
Stlth   ++........              (no amulet)
HPRegen 0.10/turn               (no ring)
MPRegen 0.12/turn               (no ring)

@: no status effects
A: sickness immunity, AC +4, negative energy resistance 1, electricity
resistance, torment resistance 1, petrification resistance
a: no special abilities


You were on level 2 of the Dungeon.
You visited 1 branch of the dungeon, and saw 2 of its levels.

You collected 59 gold pieces.

Inventory:

Hand Weapons
 f - a +0 club (weapon)
Missiles
 g - 7 stones
Armour
 a - a +0 robe (worn)
 j - a +2 ring mail of poison resistance
Magical Staves
 k - a staff of death
Scrolls
 e - a scroll of magic mapping {unknown}
 h - a scroll of amnesia {unknown}
 i - 2 scrolls of enchant weapon {unknown}
 l - a scroll of enchant armour {unknown}
Potions
 b - a potion of heal wounds {unknown}
 c - a potion of attraction {unknown}
 d - a potion of curing {unknown}
 m - a potion of haste {unknown}


   Skills:
 + Level 0.3 Fighting
 + Level 1.8 Dodging
 - Level 2.1 Stealth
 * Level 3.6 Spellcasting
 * Level 2.9 Conjurations
 * Level 4.7 Fire Magic


You had 6 spell levels left.
You knew the following spells:

 Your Spells              Type           Power      Damage    Failure   Level
a - Foxfire               Conj/Fire      68%        2x1d7     3%          1
b - Scorch                Fire           40%        2d7       3%          2
c - Conjure Flame         Conj/Fire      17%        6-21      10%         3

Your spell library contained the following spells:

 Spells                   Type           Power      Damage    Failure   Level
 Inner Flame              Hex/Fire       11%        N/A       17%         3
 Corpse Rot               Necr/Air       6%         N/A       24%         2
 Poisonous Vapours        Pois/Air       6%         N/A       24%         2
 Flame Wave               Conj/Fire      17%        2d6       32%         4


Dungeon Overview and Level Annotations

Branches:
Dungeon (2/15)

Altars:


Innate Abilities, Weirdness & Mutations

You are immune to sickness and miasma.
Your stone body is resilient. (AC +4)
You are immune to poison.
You resist negative energy. (rN+)
You are resistant to electric shocks. (rElec)
You are resistant to unholy torment.
You are immune to petrification.


Message History

Sigmund freezes you.
Casting: Foxfire (safe; 4% risk of failure)
Confirm with . or Enter, or press ? or * to list all spells.
You conjure some foxfire!
The foxfire hits Sigmund.
Sigmund is severely wounded.
The foxfire hits Sigmund.
Sigmund is severely wounded.
An adder comes into view.
Casting: Foxfire (safe; 4% risk of failure)
Confirm with . or Enter, or press ? or * to list all spells.
You conjure some foxfire!
The foxfire hits Sigmund.
Sigmund is severely wounded.
The foxfire hits Sigmund.
Sigmund is severely wounded.
Sigmund misses you.
Casting: Foxfire (safe; 4% risk of failure)
Confirm with . or Enter, or press ? or * to list all spells.
You conjure some foxfire!
The foxfire hits Sigmund.
Sigmund is severely wounded.
The foxfire hits Sigmund.
Sigmund is almost dead.
Sigmund hits you from afar with a +3 scythe of freezing!
* * * LOW HITPOINT WARNING * * *
Sigmund freezes you.
* * * LOW HITPOINT WARNING * * *
Your foxfire dissipates!
The foxfire hits Sigmund.
You kill Sigmund!
Your Spellcasting skill increases to level 3!
Your Conjurations skill increases to level 2!
You have reached level 5!
You have reached level 6!
You see here a rat corpse.
The adder bites you.
* * * LOW HITPOINT WARNING * * *
The adder bites you but does no damage.
Casting: Foxfire (safe; 3% risk of failure)
Confirm with . or Enter, or press ? or * to list all spells.
You conjure some foxfire!
The adder bites you.
You die...

#..... .... #
#......._.....# #
##.............# .
....###...###.# #
#.#.#G#...#G#.#
#.##.#.###...###.#
#................#
####.............##
÷.....#.#...#.#.@v#
..)..##.###†#...Sv#
....###.# #[###.#.###
..#.# #.# #.#.......##
..#.....# #...#.#....#
..###......#....#.##.#
### #.........###.# .#
#.........#...##.#
#...#.........†#.#


You could see an adder (ally target).

Vanquished Creatures
  Sigmund (D:2)
  4 gnolls
  2 adders (D:2)
  A dart slug (D:1)
  2 ball pythons (D:1)
  3 endoplasms
  5 hobgoblins
  4 kobolds (D:1)
  2 quokkas (D:2)
  3 bats (D:1)
  2 rats (D:2)
29 creatures vanquished.

Vanquished Creatures (others)
  104 foxfires
104 creatures vanquished.

Grand Total: 133 creatures vanquished

Notes
Turn   | Place    | Note
-------+----------+-------------------------------------------
     0 | D:1      | funkygono the Gargoyle Fire Elementalist began the quest
                  | for the Orb.
     0 | D:1      | Reached XP level 1. HP: 10/10 MP: 3/3
   203 | D:1      | Reached XP level 2. HP: 15/15 MP: 0/5
   206 | D:1      | Learned a level 2 spell: Scorch
  1078 | D:2      | Reached XP level 3. HP: 16/19 MP: 0/6
  1167 | D:2      | Learned a level 3 spell: Conjure Flame
  1252 | D:2      | Reached XP level 4. HP: 14/24 MP: 2/8
  1278 | D:1      | Reached skill level 4 in Fire Magic
  1551 | D:2      | Noticed a shining eye
  1553 | D:2      | Found a faded altar of an unknown god.
  1601 | D:2      | Noticed a shining eye
  1659 | D:2      | Noticed Sigmund
  1667 | D:2      | HP: 1/24 [Sigmund (5)]
  1668 | D:2      | Killed Sigmund
  1669 | D:2      | Reached XP level 5. HP: 1/28 MP: 1/10
  1669 | D:2      | Reached XP level 6. HP: 1/32 MP: 1/11
  1678 | D:2      | HP: 1/32 [adder (1)]
  1682 | D:2      | Slain by an adder

Illustrated notes

Levels and vault maps discovered:
D:1:      co_arrival_square_in_a_square_in_a_square, layout_basic
D:2:      layout_basic, hellmonk_ecumenical_altar_watching_god, minivault_26,
          uniq_sigmund

Skill      XL: |  1  2  3  4 |
---------------+-------------+-----
Fire Magic     | 4 |  4.7
Spellcasting   | 3 |  3.6
Conjurations   | 2 |  2.9
Fighting       | |  0.3
Dodging        | |  1.8
Stealth        | |  2.1

Action                   |  1- 3 |  4- 6 || total
-------------------------+-------+-------++-------
Melee: Club              |     2 |       ||     2
 Cast: Foxfire           |    40 |    25 ||    65
       Scorch            |     3 |       ||     3
Armor: Robe              |       |     2 ||     2
Dodge: Dodged            |     6 |     5 ||    11
